 Dungeon Crawl Stone Soup version 0.19.0-2-gae57169 (webtiles) character file.

518 Inkary the Chopper (level 7, -5/52 HPs)
             Began as a Formicid Fighter on Nov 3, 2016.
             Was a Believer of Qazlal.
             Killed by divine providence
             ... invoked by an orc priest
              (15 damage)
             ... on level 4 of the Dungeon.
             The game lasted 00:05:18 (2879 turns).

Inkary the Chopper (Formicid Fighter)               Turns: 2879, Time: 00:05:19

Health: -5/52      AC:  8    Str: 27    XL:     7   Next: 45%
Magic:  7/7        EV:  9    Int:  8    God:    Qazlal [**....]
Gold:   237        SH: 13    Dex: 10    Spells: 0 memorised, 6 levels left

rFire  . . .     SeeInvis +     a - +0 war axe
rCold  . . .     Gourm    .     b - +0 scale mail
rNeg   . . .     Faith    .     c - +0 shield
rPois  .         Spirit   .     (helmet unavailable)
rElec  .         Reflect  .     (no cloak)
rCorr  .         Harm     .     z - +0 pair of gloves
MR     .....                    (no boots)
Stlth  ..........               (no amulet)
                                (no ring)
                                (no ring)

@: mighty
A: permanent stasis, dig shafts and tunnels, four strong arms, antennae 3
a: Dig, Shaft Self, Upheaval, Renounce Religion


You were on level 4 of the Dungeon.
You worshipped Qazlal.
Qazlal was pleased with you.
You were not hungry.

You visited 1 branch of the dungeon, and saw 4 of its levels.

You collected 237 gold pieces.

Inventory:

Hand Weapons
 a - a +0 war axe (weapon)
Missiles
 q - 2 throwing nets (quivered)
Armour
 b - a +0 scale mail (worn)
 c - a +0 shield (worn)
 z - a +0 pair of gloves (worn)
Jewellery
 h - an uncursed ring of fire {unknown}
Wands
 k - a wand of disintegration (11/24)
 y - a wand of random effects (21/48)
Scrolls
 g - a scroll of enchant armour {unknown}
 i - a scroll of random uselessness {unknown}
 j - 2 scrolls of noise {unknown}
 m - a scroll of fear {unknown}
 o - 4 scrolls of remove curse {unknown}
 p - a scroll of teleportation {unknown}
 s - a scroll of recharging {unknown}
 t - 3 scrolls of identify {unknown}
 u - a scroll of enchant weapon {unknown}
 v - 2 scrolls of amnesia {unknown}
 B - a scroll of blinking {unknown}
 D - a scroll of immolation {unknown}
 E - a scroll of magic mapping {unknown}
Potions
 e - a potion of agility
 l - a potion of berserk rage {unknown}
 n - 2 potions of heal wounds {unknown}
 w - a potion of cure mutation {unknown}
 x - a potion of lignification {unknown}
 A - a potion of flight
Comestibles
 f - 2 bread rations
 r - 2 meat rations
 C - a royal jelly


   Skills:
 + Level 3.4 Fighting
 * Level 6.3 Axes
 - Level 3.2 Armour
 - Level 6.2 Shields


You had 6 spell levels left.
You didn't know any spells.

Dungeon Overview and Level Annotations

Branches:
Dungeon (4/15)
 Temple: D:4-7

Altars:
Dithmenos
Qazlal
Ru
Sif Muna
Trog
Vehumet
Xom
Yredelemnul


Innate Abilities, Weirdness & Mutations

You are under a permanent stasis effect.
You can dig through walls and to a lower floor.
Your four strong arms can wield two-handed weapons with a shield.
You have a pair of large antennae on your head. (SInv)


Message History

The orc completely misses you.
Okay, then.
You barely miss the orc priest.
The orc priest is lightly wounded.
You closely miss the orc. You block the orc priest's attack.
You block the orc's attack. The orc priest barely misses you.
You slash the orc priest!
The orc priest is severely wounded.
You hit the orc. The orc closely misses you. You block the orc's attack.
You block the orc priest's attack.
You barely miss the orc priest.
The orc priest is severely wounded.
You slash the orc!
You kill the orc!
Qazlal accepts your kill. The orc hits you with a flail.
* * * LOW HITPOINT WARNING * * *
The orc priest calls down the wrath of Beogh upon you.
Beogh smites you!
You die...

...#... ...
#...... ..
#..... ..
#.... . #...#.
#...## #oo.##
## #@..##
##.###
##...###.....#
##...#......##
##..........#
##.........#
##.........#
#..........#
#..........##
#...........#


You could see an orc priest and an orc.

Vanquished Creatures
  Sigmund (D:2)
  An ogre (D:4)
  An orc priest (D:3)
  Jessica (D:3)
  An iguana (D:4)
  4 gnolls (D:2)
  8 adders
  2 worms (D:2)
  2 dart slugs
  A leopard gecko (D:1)
  8 orcs
  A ball python (D:2)
  11 bats
  4 giant cockroaches
  10 hobgoblins
  6 jackals (D:3)
  11 kobolds
  5 frilled lizards
  7 goblins
  4 rats
  A butterfly (D:3)
90 creatures vanquished.

Vanquished Creatures (others)
  A hobgoblin (D:1)
  A kobold (D:3)
2 creatures vanquished.

Grand Total: 92 creatures vanquished

Notes
Turn   | Place    | Note
-------+----------+-------------------------------------------
     0 | D:1      | Inkary the Formicid Fighter began the quest for the Orb.
     0 | D:1      | Reached XP level 1. HP: 18/18 MP: 1/1
    56 | D:1      | Reached XP level 2. HP: 15/24 MP: 2/2
   461 | D:2      | Reached XP level 3. HP: 29/29 MP: 3/3
   486 | D:2      | Noticed a fire elemental
   488 | D:2      | Found a stormy altar of Qazlal.
   491 | D:2      | Noticed a water elemental
   491 | D:2      | Noticed an air elemental
   491 | D:2      | Noticed an earth elemental
   550 | D:2      | Became a worshipper of Qazlal Stormbringer
   810 | D:2      | Noticed Sigmund
   830 | D:2      | Killed Sigmund
   830 | D:2      | Reached skill level 5 in Shields
   830 | D:2      | Reached XP level 4. HP: 13/35 MP: 4/4
   830 | D:2      | Reached XP level 5. HP: 15/41 MP: 5/5
   859 | D:2      | Reached XP level 6. HP: 21/47 MP: 6/6
   911 | D:2      | Found a sacrificial altar of Ru.
  1236 | D:2      | Reached skill level 5 in Axes
  1823 | D:3      | Found a faded altar of an unknown god.
  1929 | D:3      | Found a basalt altar of Yredelemnul.
  1969 | D:3      | Reached * piety under Qazlal
  2010 | D:3      | Found a shimmering altar of Xom.
  2212 | D:3      | Found a shadowy altar of Dithmenos.
  2217 | D:3      | Found a radiant altar of Vehumet.
  2308 | D:3      | Found a deep blue altar of Sif Muna.
  2308 | D:3      | Found a bloodstained altar of Trog.
  2461 | D:3      | Noticed Jessica
  2462 | D:3      | Killed Jessica
  2514 | D:3      | Reached XP level 7. HP: 51/52 MP: 7/7
  2654 | D:3      | Reached ** piety under Qazlal
  2879 | D:4      | Killed from afar by an orc priest

Skill      XL: |  1  2  3  4  5  6  7 |
---------------+----------------------+-----
Shields        | 4 5 6 |  6.2
Axes           | 4 5 6 |  6.3
Fighting       | |  3.4
Armour         | |  3.2

Action                   |  1- 3 |  4- 6 |  7- 9 || total
-------------------------+-------+-------+-------++-------
Melee: War axe           |    84 |   161 |    63 ||   308
Throw: Throwing net      |       |     1 |       ||     1
  Use: Potion            |     5 |     1 |     1 ||     7
  Eat: Chunk             |       |     5 |     2 ||     7
Armor: Scale mail        |    67 |    58 |    16 ||   141
Dodge: Dodged            |    35 |    39 |    19 ||    93
Block: Shield            |    79 |    99 |    50 ||   228
